 Dungeon Crawl Stone Soup version 0.28-a0-475-g7dc2aef8ca (webtiles) character file.

Game seed: 18277353125322915411

208 Dabor the Skirmisher (level 6, -5/48 HPs)
             Began as a Formicid Abyssal Knight on Sept 16, 2021.
             Was a Believer of Lugonu.
             Slain by a wight (7 damage)
             ... on level 4 of the Dungeon.
             The game lasted 00:04:54 (2864 turns).

Dabor the Skirmisher (Formicid Abyssal Knight)      Turns: 2864, Time: 00:04:55

Health: -5/48      AC: 13    Str: 18    XL:     6   Next: 11%
Magic:  8/8        EV:  6    Int: 12    God:    Lugonu [**....]
Gold:   107        SH:  0    Dex: 10    Spells: 5/5 levels left

rFire   . . .      SeeInvis +   a - +1 spear
rCold   . . .      Faith    .   (no shield)
rNeg    . . .      Spirit   .   i - +0 plate armour
rPois   +          Reflect  .   (helmet unavailable)
rElec   +          Harm     .   (no cloak)
rCorr   .          Rampage  .   n - +1 pair of gloves
Will    .....                   (no boots)
Stlth   ..........              c - amulet "Vasetan" {rElec rPois Regen+ Stlth+}
HPRegen 1.16/turn               (no ring)
MPRegen 0.11/turn               (no ring)

@: mighty, lethally poisoned (-5 -> -5)
A: permanent stasis, dig shafts and tunnels, antennae 3, four strong arms
a: Dig, Shaft Self, Renounce Religion, Depart the Abyss, Bend Space


You were on level 4 of the Dungeon.
You worshipped Lugonu.
Lugonu was pleased with you.
You visited 1 branch of the dungeon, and saw 4 of its levels.
You visited the Abyss 1 time.

You collected 107 gold pieces.

Inventory:

Hand Weapons
 a - a +1 spear (weapon)
Armour
 b - a +0 leather armour
 g - a +0 scale mail
 i - a +0 plate armour (worn)
 n - a +1 pair of gloves (worn)
Jewellery
 c - the amulet "Vasetan" (around neck) {rElec rPois Regen+ Stlth+}
   (You acquired it on level 2 of the Dungeon)

   [amulet of regeneration]

   rElec:     It insulates you from electricity.
   rPois:     It protects you from poison.
   Regen:     It increases your rate of health regeneration.
   Stlth:     It makes you more stealthy.
Wands
 k - a wand of mindburst (11)
Scrolls
 h - 3 scrolls of teleportation
Potions
 d - a potion of mutation {unknown}
 e - a potion of flight {unknown}
 f - a potion of might
 l - a potion of heal wounds {unknown}
 m - a potion of berserk rage {unknown}


   Skills:
 + Level 4.2 Fighting
 + Level 3.1 Polearms
 + Level 3.4 Armour
 + Level 2.2 Dodging
 + Level 3.6 Invocations


You had 5 spell levels left.
You didn't know any spells.
Your spell library was empty.

Dungeon Overview and Level Annotations

Branches:
Dungeon (4/15)
 Temple: D:4-7

Altars:
Sif Muna
Zin


Innate Abilities, Weirdness & Mutations

You cannot be hasted, slowed, berserked, paralysed or teleported.
You can dig through walls and to a lower floor.
You have a pair of large antennae on your head. (SInv)
Your four strong arms can wield two-handed weapons with a shield.


Message History

The scorpion stings you but does no damage.
The wight barely misses you.
The scorpion stings you but does no damage.
You barely miss the scorpion.
The scorpion is severely wounded.
The wight barely misses you. The scorpion stings you.
You are poisoned.
The scorpion poisons you!
You barely miss the scorpion.
The scorpion is severely wounded.
You feel very sick. The wight hits you but does no damage.
The scorpion stings you but does no damage.
You hit the scorpion.
The scorpion is almost dead.
You feel sick.
The wight hits you from afar with a +0 spear.
* * * LOW HITPOINT WARNING * * *
The scorpion stings you.
* * * LOW HITPOINT WARNING * * *
You puncture the scorpion!
You kill the scorpion!
Lugonu accepts your kill.
You feel sick. The wight hits you but does no damage.
Your Polearms skill increases to level 3!
You have reached level 6!
Your experience leads to an increase in your attributes!
Increase (S)trength, (I)ntelligence, or (D)exterity?
You feel stronger.
You closely miss the wight.
You feel sick. The wight barely misses you.
You puncture the wight!
The wight is heavily damaged.
You feel sick. The wight hits you but does no damage.
You closely miss the wight.
The wight is heavily damaged.
You feel sick. The wight barely misses you.
The wight hits you with a +0 hand axe.
* * * LOW HITPOINT WARNING * * *
The wight hits you from afar with a +0 spear!
You die...

.....##
##.......... #....
..?...[....
#...####..........
#.†z.<..........
###.z..........#
#....z.......#
#.#.##.zz##.#
#.#.####z## #...#
#@z# #.### #### ..
.


You could see 4 wights.

Vanquished Creatures
  A phantom (D:3)
  A scorpion (D:4)
  2 adders
  2 worms (D:3)
  8 ball pythons
  4 bats
  4 endoplasms
  A giant cockroach (D:3)
  5 goblins
  4 hobgoblins
  3 quokkas
  4 frilled lizards
  4 kobolds
  7 rats
50 creatures vanquished.

Notes
Turn   | Place    | Note
-------+----------+-------------------------------------------
     0 | Abyss:1  | Dabor the Formicid Abyssal Knight began the quest for the
                  | Orb.
     0 | Abyss:1  | Reached XP level 1. HP: 18/18 MP: 2/2
    82 | Abyss:1  | Found a corrupted altar of Lugonu.
    94 | Abyss:1  | Noticed a lich
    98 | D:1      | Escaped the Abyss
   190 | D:1      | Reached skill level 1 in Dodging
   238 | D:1      | Reached * piety under Lugonu
   247 | D:1      | Reached XP level 2. HP: 23/24 MP: 3/3
   982 | D:1      | Reached XP level 3. HP: 29/29 MP: 4/4
  1179 | D:1      | Found a faded altar of an unknown god.
  2097 | D:2      | Identified a scroll of acquirement
  2097 | D:2      | Acquired the amulet "Vasetan" {rElec rPois Regen+ Stlth+}
  2200 | D:3      | Found a shimmering blue altar of Sif Muna.
  2200 | D:3      | Found a glowing silver altar of Zin.
  2291 | D:3      | Reached XP level 4. HP: 37/37 MP: 6/6
  2359 | D:3      | Reached ** piety under Lugonu
  2489 | D:3      | Noticed a phantom
  2517 | D:3      | Killed a phantom
  2518 | D:3      | Reached skill level 4 in Fighting
  2518 | D:3      | Reached XP level 5. HP: 39/42 MP: 7/7
  2862 | D:4      | Reached XP level 6. HP: 9/48 MP: 8/8
  2864 | D:4      | HP: 2/48 [wight (6)]
  2864 | D:4      | Slain by a wight

Illustrated notes

Levels and vault maps discovered:
D:1:      scummos_arrival_gate, layout_loops_ring,
          shapermc_ecumenical_altar_notcrosses, minmay_hedge_maze, nrook_uturn,
          chequers_hall_statues_wall_a
D:2:      layout_loops_ring
D:3:      layout_loops_ring, nicolae_overflow_hidden_temple
D:4:      layout_rooms, mainiacjoe_overflow_swirl,
          minmay_temple_entry_sparse_star,
          nicolae_ossuary_entry_false_entrances, cheibrodos_sewer_entry_bend

Skill      XL: |  1  2  3  4  5 |
---------------+----------------+-----
Dodging        | 1 2 |  2.2
Fighting       | 4 |  4.2
Armour         | 3 |  3.4
Invocations    | 3 |  3.6
Polearms       | 3 |  3.1

Action                   |  1- 3 |  4- 6 || total
-------------------------+-------+-------++-------
Melee: Spear             |   118 |    92 ||   210
Invok: Depart the Abyss  |     1 |       ||     1
 Abil: Dig               |       |     1 ||     1
  Use: Scroll            |     5 |     1 ||     6
       Potion            |       |     1 ||     1
 Stab: Sleeping          |     1 |       ||     1
Armor: Leather armour    |    12 |       ||    12
       Plate armour      |    32 |    60 ||    92
Dodge: Dodged            |    30 |    30 ||    60

Table legend: (Time is in decaauts)
 A = Elapsed time spent in this place.
 B = Non-inter-level travel time spent in this place.
 C = Inter-level travel time spent in this place.
 D = Time resting spent in this place.
 E = Time spent auto-exploring this place.
 F = Levels seen in this place.
 G = Mean time per level.
                   A        B        C        D        E       F      G
               +--------+--------+--------+--------+--------+-----+--------+
         Total |   2860 |   2716 |    144 |    261 |   1920 |   5 |  572.0 |
       Dungeon |   2762 |   2618 |    144 |    261 |   1828 |   4 |  690.5 |
         Abyss |     98 |     98 |      0 |      0 |     92 |   1 |   98.0 |
               +--------+--------+--------+--------+--------+-----+--------+

Top non-repeatable levels by time:
     D:1: 1320 daAuts
     D:3: 708 daAuts
     D:2: 705 daAuts
 Abyss:1: 98 daAuts
     D:4: 29 daAuts
